 Dungeon Crawl Stone Soup version 0.19-a0-1888-g6ba2374 (webtiles) character file.

23321 Kirkhe the Geomancer (level 13, -2/72 HPs)
             Began as an Octopode Earth Elementalist on Oct 16, 2016.
             Was a High Priest of Vehumet.
             Slain by a blink frog (10 damage)
             ... on level 2 of the Lair of Beasts on Oct 17, 2016.
             The game lasted 01:09:40 (15659 turns).

Kirkhe the Geomancer (Octopode Earth Elementalist) Turns: 15659, Time: 01:09:40

Health: -2/72      AC:  3    Str: 12    XL:     13   Next: 6%
Magic:  1/29       EV: 15    Int: 24    God:    Vehumet [*****.]
Gold:   136        SH:  8    Dex: 12    Spells: 9 memorised, 3 levels left

rFire  + + +     SeeInvis .     h - +2 dagger (venom)
rCold  + + .     Gourm    .     s - +3 buckler
rNeg   + + .     Faith    .     Z - +2 hat
rPois  +         Spirit   .     A - amulet of regeneration
rElec  +         Dismiss  .     g - ring of protection from fire
rCorr  .         Reflect  .     l - ring of wizardry
MR     ++...     Harm     .     x - ring of positive energy
Stlth  ++++......               w - ring of protection from magic
                                I - ring of positive energy
                                y - ring "Yllaria" {rElec rC+ MR+ Str+3}
                                J - ring of Necvuiqoam {rPois rF+ rC+ Int+3 Stlth+}
                                H - ring of protection from fire

@: no status effects
A: almost no armour, stealthy swim, amphibious, 8 rings, constrict 8, camouflage
1, gelatinous body 1
a: Renounce Religion


You were on level 2 of the Lair of Beasts.
You worshipped Vehumet.
Vehumet was extremely pleased with you.
You were not hungry.

You visited 3 branches of the dungeon, and saw 15 of its levels.
You also visited: Labyrinth.

You collected 952 gold pieces.
You spent 816 gold pieces at shops.

Inventory:

Hand Weapons
 h - a +2 dagger of venom (weapon)
 u - a +3 trident of piercing
Missiles
 t - 13 poisoned needles
 F - 7 silver tomahawks (quivered)
 Y - 83 stones
Armour
 s - a +3 buckler (worn)
 Z - a +2 hat (worn)
Rods
 m - a +3 rod of inaccuracy (14/14)
   (You took it off a minotaur in a labyrinth)
 M - a +4 rod of ignition (11/11)
   (You found it in a labyrinth)
Jewellery
 a - an uncursed amulet of dismissal {unknown}
 g - a ring of protection from fire (left tentacle)
 l - a ring of wizardry (right tentacle)
 w - a ring of protection from magic (on tentacle)
 x - a ring of positive energy (on tentacle)
 y - the ring "Yllaria" (on tentacle) {rElec rC+ MR+ Str+3}
   (You bought it in a shop on level 7 of the Dungeon)

   [ring of protection from magic]

   It affects your strength (+3).
   It protects you from cold.
   It insulates you from electricity.
   It affects your resistance to hostile enchantments.
 A - an amulet of regeneration (around mantle)
 C - an uncursed amulet of harm
 H - a ring of protection from fire (on tentacle)
 I - a ring of positive energy (on tentacle)
 J - the ring of Necvuiqoam (on tentacle) {rPois rF+ rC+ Int+3 Stlth+}
   (You acquired it on level 6 of the Dungeon)

   [ring of intelligence]

   It affects your intelligence (+3).
   It protects you from fire.
   It protects you from cold.
   It protects you from poison.
   It makes you more stealthy.
Wands
 n - a wand of heal wounds (0/9)
 p - a wand of lightning (7/15)
 v - a wand of iceblast (0/15)
 L - a wand of flame (34/48)
 V - a wand of polymorph (13/24)
Scrolls
 d - a scroll of summoning
 i - a scroll of enchant weapon
 k - 5 scrolls of remove curse
 q - 6 scrolls of amnesia
 D - 2 scrolls of recharging
 K - 7 scrolls of fog
 N - 7 scrolls of teleportation
 P - 3 scrolls of magic mapping
 T - a scroll of silence
Potions
 e - 2 potions of cancellation
 f - 4 potions of curing
 o - 3 potions of might
 B - 2 potions of berserk rage
 E - a potion of mutation
 G - a potion of brilliance {unknown}
 S - a potion of haste
 U - a potion of cure mutation {unknown}
 W - a potion of heal wounds {unknown}
Comestibles
 b - a royal jelly
 c - 7 bread rations
 j - 5 meat rations
 Q - 13 fruits
 R - 3 beef jerkies


   Skills:
 + Level 1.1 Fighting
 * Level 4.6 Dodging
 - Level 2.6 Stealth
 - Level 5.2 Shields
 + Level 12.3 Spellcasting
 * Level 8.2 Conjurations
 - Level 1.0 Transmutations
 - Level 4.1 Air Magic
 - Level 12.4 Earth Magic


You had 3 spell levels left.
You knew the following spells:

 Your Spells              Type           Power        Failure   Level  Hunger
a - Sandblast             Erth           ######       1%          1    None
b - Stone Arrow           Conj/Erth      ######       1%          3    None
c - Passwall              Tmut/Erth      #####.....   1%          2    None
d - Lee's Rapid Deconstr  Erth           ######....   1%          5    ###....
e - Petrify               Tmut/Erth      #####...     1%          4    None
f - Conjure Flame         Conj/Fire      ####....     1%          3    None
g - Airstrike             Air            ####......   1%          4    None
h - Bolt of Magma         Conj/Fire/Erth #####.....   1%          5    ###....
i - Iron Shot             Conj/Erth      ######....   1%          6    #####..


Dungeon Overview and Level Annotations

Branches:
Dungeon (11/15)            Temple (1/1) D:6            Lair (3/6) D:9
  Snake (0/4) Lair:3
  Swamp: Lair:2-4    Shoals: Lair:2-4       Orc: D:9-12

Altars:
Ashenzari
Cheibriados
Dithmenos
Elyvilon
Fedhas
Gozag
Hepliaklqana
Kikubaaqudgha
Makhleb
Nemelex Xobeh
Okawaru
Qazlal
Ru
Sif Muna
Trog
Uskayaw
Vehumet
Xom
Yredelemnul
Zin
The Shining One
Beogh

Shops:
D:6 }*?   D:7 }(==?   D:8 [%%*

Annotations:
D:7 exclusion: ogre
Lair:1 exclusion: oklob plant


Innate Abilities, Weirdness & Mutations

You cannot wear most types of armour.
You are very stealthy in the water. (Stealth+)
You are amphibious.
You can wear up to eight rings at the same time.
You can use your tentacles to constrict eight enemies at once.
Your skin changes colour to match your surroundings (Stealth+).
Your rubbery body absorbs attacks. (AC +1, EV +1)


Message History

Press: ? - help, Shift-Dir - straight line, f/p - blink frog
Aim: a blink frog (severely wounded)
You hear a mighty clap of thunder!
The bolt of lightning misses the blink frog.
Evoking this partially-identified wand wasted a few charges.
The blink frog closely misses you.
Evoke which item? (* to show all) (? for menu, Esc to quit)
Zapping:
p - a wand of lightning {zapped: 3} (will waste charges)
Press: ? - help, Shift-Dir - straight line, f/p - blink frog
Aim: a blink frog (severely wounded)
You hear a mighty clap of thunder!
The bolt of lightning misses the blink frog.
Evoking this partially-identified wand wasted a few charges.
The blink frog hits you!
* * * LOW HITPOINT WARNING * * *
Evoke which item? (* to show all) (? for menu, Esc to quit)
Zapping:
n - a wand of heal wounds {zapped: 2} (will waste charges)
Press: ? - help, Shift-Dir - straight line, f - you, p - blink frog Nothing appears to happen.
The blink frog hits you!
You die...

.##..........#...................
#.......##.....#.......##....#.##
..#......#............######..##
.........†..##..#.....# #...#
.#...8...8...#........# ####.####
.......<..............###.##....#
.....8...8.†.#..#....)...........
.##..........#..........#.#...#.#
..#.......#.....@.....#####...###
#....#..##....#..F....# ##..#
.#.........(.##.......## #.####
..........####.........# #...#.
.....##'###...........## ##.....
.......................####......
.........†............#.P##..##P#
..............................###
#..#....................###...#


You could see a blink frog.

Vanquished Creatures
  A minotaur (Lab)
  A hydra (Lair:1)
  The ghost of kuzmorgo the Thaumaturge, a journeyman DEWz of Sif Muna (Lair:2)
  3 death yaks
  2 hill giants
  Pikel (D:5)
  3 black mambas
  5 spiny frogs
  5 komodo dragons
  A two-headed ogre (D:9)
  Grinder (D:4)
  13 blink frogs
  7 hippogriffs
  2 wyverns
  10 yaks
  A hungry ghost (D:11)
  Duvessa (D:5)
  8 water moccasins
  5 porcupines
  A hornet zombie (D:10)
  12 orc warriors
  A swamp drake (D:9)
  2 ice beasts
  6 sky beasts
  3 phantoms
  5 ogres
  5 crocodiles
  9 centaurs
  A big kobold (D:8)
  7 bullfrogs
  A wyvern zombie (D:7)
  Dowan (D:5)
  A scorpion (D:9)
  A water moccasin skeleton (D:6)
  6 killer bees (D:8)
  3 troll skeletons (Lab)
  A spriggan skeleton (Lab)
  7 wights
  2 howler monkeys
  5 crimson imps
  5 hounds
  A bullfrog skeleton (D:9)
  A gnoll shaman (D:8)
  A jelly (D:6)
  6 orc priests
  5 orc wizards
  7 iguanas
  4 hell rats (Lair:2)
  8 worker ants
  A hound zombie (D:7)
  Robin (D:2)
  12 gnolls
  8 adders
  2 shadow imps
  2 adder skeletons
  2 adder zombies
  7 worms
  A dart slug (D:3)
  9 leopard geckos
  48 orcs
  3 giant cockroaches
  15 goblins
  10 hobgoblins
  5 jackals
  8 kobolds
  2 quokkas
  9 bats
  A jackal skeleton (D:5)
  A quokka zombie (D:7)
  4 rats
340 creatures vanquished.

Vanquished Creatures (collateral kills)
  A hippogriff (Lair:1)
1 creature vanquished.

Vanquished Creatures (others)
  An adder (D:5)
  A quokka (D:8)
  A frilled lizard (D:5)
  2 fungi
  5 plants
10 creatures vanquished.

Grand Total: 351 creatures vanquished

Notes
Turn   | Place    | Note
-------+----------+-------------------------------------------
     0 | D:1      | Kirkhe the Octopode Earth Elementalist began the quest for the Orb.
     0 | D:1      | Reached XP level 1. HP: 11/11 MP: 3/3
   225 | D:1      | Reached XP level 2. HP: 16/17 MP: 1/5
   714 | D:1      | Reached XP level 3. HP: 21/21 MP: 2/6
   807 | D:2      | Noticed Robin
  1161 | D:2      | Killed Robin
  1301 | D:2      | Found a faded altar of an unknown god.
  1314 | D:2      | Reached XP level 4. HP: 27/27 MP: 6/8
  1459 | D:2      | Learned a level 3 spell: Stone Arrow
  1463 | D:2      | Learned a level 2 spell: Passwall
  1592 | D:2      | Found a faded altar of an unknown god.
  1592 | D:2      | Found a faded altar of an unknown god.
  1599 | D:2      | Found a faded altar of an unknown god.
  1601 | D:2      | Found a faded altar of an unknown god.
  1604 | D:2      | Found a bloodstained altar of Trog.
  1912 | D:3      | Found a sacrificial altar of Ru.
  2102 | D:3      | Reached XP level 5. HP: 18/31 MP: 0/9
  2257 | D:3      | Reached skill level 1 in Shields
  2749 | D:4      | Found a shimmering altar of Xom.
  2944 | D:4      | Noticed Grinder
  2952 | D:4      | Killed Grinder
  2952 | D:4      | Reached skill level 5 in Earth Magic
  2952 | D:4      | Reached XP level 6. HP: 32/36 MP: 1/12
  3169 | D:4      | Noticed a phantom
  3180 | D:4      | Killed a phantom
  3180 | D:4      | Reached XP level 7. HP: 41/41 MP: 7/13
  3336 | D:5      | Entered Level 5 of the Dungeon
  3491 | D:5      | Noticed Duvessa
  3492 | D:5      | Noticed Dowan
  3517 | D:5      | Killed Duvessa
  3520 | D:5      | Killed Dowan
  3520 | D:5      | Reached skill level 5 in Spellcasting
  3679 | D:5      | Found a hazy altar of Hepliaklqana.
  3747 | D:5      | Noticed Pikel
  3757 | D:5      | Killed Pikel
  3757 | D:5      | Reached XP level 8. HP: 7/46 MP: 7/17
  4213 | D:5      | Found a blossoming altar of Fedhas.
  4605 | D:6      | Reached XP level 9. HP: 51/51 MP: 16/19
  4626 | D:6      | Learned a level 5 spell: Lee's Rapid Deconstruction
  4765 | D:6      | Found Haotuahe's Gadget Shoppe.
  4795 | D:6      | Found Bisirr's General Store.
  4841 | D:6      | Found Warumi's Magic Scroll Shop.
  4851 | D:6      | Bought a scroll of teleportation for 30 gold pieces
  4851 | D:6      | Bought a scroll of fog for 20 gold pieces
  4851 | D:6      | Bought a scroll of magic mapping for 35 gold pieces
  4851 | D:6      | Bought a scroll of random uselessness for 10 gold pieces
  4852 | D:6      | Identified a scroll of acquirement
  4855 | D:6      | Got a glittering amber ring
  4857 | D:6      | Identified the ring of Necvuiqoam {rPois rF+ rC+ Int+3 Stlth+} (You acquired it on level 6 of the Dungeon)
  5026 | D:6      | Found an opulent altar of Gozag.
  5142 | D:6      | Found a staircase to the Ecumenical Temple.
  5194 | Temple   | Entered the Ecumenical Temple
  5248 | Temple   | Became a worshipper of Vehumet
  5302 | D:7      | Reached skill level 5 in Shields
  5312 | D:7      | Found Qitwel's Antique Weapon Boutique.
  5319 | D:7      | Found Xaatall's Gadget Boutique.
  5479 | D:7      | Found Efairr's Jewellery Shop.
  5548 | D:7      | Found a shadowy altar of Dithmenos.
  5582 | D:7      | Reached skill level 1 in Conjurations
  5757 | D:7      | Found Nodeir's Jewellery Emporium.
  5759 | D:7      | Reached * piety under Vehumet
  5759 | D:7      | Offered knowledge of Sting by Vehumet.
  5770 | D:7      | Found Jiakhlaa's Magic Scroll Boutique.
  6073 | D:6      | Bought 20 stones for 24 gold pieces
  6073 | D:6      | Bought 15 stones for 18 gold pieces
  6082 | D:6      | Reached XP level 10. HP: 56/56 MP: 20/22
  6171 | D:8      | Found a white marble altar of Elyvilon.
  6182 | D:8      | Found Emmihow's Food Shoppe.
  6499 | D:8      | Found Tafoy's Assorted Antiques.
  6561 | D:8      | Found a burning altar of Makhleb.
  6701 | D:8      | Found Wughaox's Armour Boutique.
  6755 | D:8      | Found Nieptidgha's Food Shoppe.
  7099 | D:8      | Learned a level 4 spell: Petrify
  7155 | D:9      | Reached ** piety under Vehumet
  7193 | D:9      | Reached skill level 10 in Earth Magic
  7194 | D:9      | Offered knowledge of Shock by Vehumet.
  7389 | D:9      | Found a deep blue altar of Sif Muna.
  7460 | D:9      | Noticed a hill giant
  7545 | D:9      | Found a roughly hewn altar of Beogh.
  7662 | D:9      | Offered knowledge of Conjure Flame by Vehumet.
  7825 | D:9      | Found an iron altar of Okawaru.
  7834 | D:9      | Found a snail-covered altar of Cheibriados.
  8141 | D:9      | Killed a hill giant
  8277 | D:9      | Reached skill level 10 in Spellcasting
  8277 | D:9      | Reached XP level 11. HP: 29/61 MP: 12/25
  8518 | D:9      | Reached *** piety under Vehumet
  8729 | D:9      | Learned a level 3 spell: Conjure Flame
  8987 | D:9      | Found a staircase to the Lair.
  9075 | D:10     | Entered Level 10 of the Dungeon
  9223 | D:10     | Noticed a hill giant
  9235 | D:10     | Offered knowledge of Airstrike by Vehumet.
  9236 | D:10     | Reached skill level 5 in Conjurations
  9267 | D:10     | Killed a hill giant
  9589 | D:9      | Learned a level 4 spell: Airstrike
 10271 | D:10     | Reached **** piety under Vehumet
 10419 | D:10     | Reached skill level 1 in Air Magic
 10561 | D:11     | Offered knowledge of Static Discharge by Vehumet.
 10785 | Lair:1   | Entered Level 1 of the Lair of Beasts
 10907 | Lair:1   | Noticed an oklob plant
 11020 | Lair:1   | Noticed a five-headed hydra
 11051 | Lair:1   | Killed a five-headed hydra
 11180 | Lair:1   | Reached XP level 12. HP: 66/66 MP: 17/27
 12263 | Lair:2   | Noticed kuzmorgo's ghost (journeyman DEWz)
 12338 | Lair:2   | Noticed a death yak
 12338 | Lair:2   | Noticed a death yak
 12339 | Lair:2   | Noticed a death yak
 12339 | Lair:2   | Noticed a death yak
 12348 | Lair:2   | Noticed a death yak
 12350 | Lair:2   | Noticed a death yak
 12692 | D:7      | Bought the ring "Yllaria" {rElec rC+ MR+ Str+3} for 679 gold pieces
 13100 | Lair:2   | Killed a death yak
 13409 | Lair:3   | Found a labyrinth entrance.
 13420 | Lab      | Entered a labyrinth
 13977 | Lab      | Reached ***** piety under Vehumet
 14096 | Lab      | Noticed a minotaur
 14179 | Lab      | Killed a minotaur
 14179 | Lab      | Offered knowledge of Olgreb's Toxic Radiance by Vehumet.
 14205 | Lab      | Identified a +4 rod of ignition (11/11) (You found it in a labyrinth)
 14362 | Lair:1   | Learned a level 5 spell: Bolt of Magma
 14369 | Lair:1   | Learned a level 6 spell: Iron Shot
 14661 | Lair:1   | Killed a death yak
 15012 | Lair:2   | Killed a death yak
 15442 | Lair:2   | Killed kuzmorgo's ghost
 15442 | Lair:2   | Reached XP level 13. HP: 72/72 MP: 5/29
 15637 | Lair:2   | Reached skill level 1 in Fighting
 15659 | Lair:2   | Slain by a blink frog

Vault maps used:
D:1:      evilmike_arrival_rings, wad_floor_pattern_2
D:2:      chequers_temple_overflow_minitemple, ecumenical_altar_1, uniq_robin
D:3:      nicolae_ru_awakened_eye
D:4:      lemuel_crystal_altar, uniq_grinder
D:5:      kennysheep_mini, first_bread, fedhas_bush_and_centaur_altar,
          uniq_pikel, uniq_duvessa
D:6:      grunt_gozag_statues, serial_shops, shop, shop,
          nicolae_shop_statue_plus
D:7:      lemuel_ice_spiral_2, lemuel_round_altar, serial_shops, shop, shop,
          nicolae_shop_waterfront, shop_statue, nicolae_shop_waterfront,
          minmay_tree_intersection
D:8:      elyvilon_altar_4, serial_shops, shop, shop_fountains, shop,
          kennysheep_little_box, blue_anna_alchemist, bloody_makhleb
D:9:      lemuel_crystal_altar, old_standard_altar, slow_altar_1,
          erik_lair_dragon, special_room, grunt_ministairs_1, st_stairs_11
D:10:     kennysheep_ambush_hall
D:11:     orc_david_3, serial_shops, nicolae_shop_waterfront,
          nicolae_shop_trees, shop, minmay_protected_statue
Temple:   zaba_magenta_temple
Lair:1:   cheibrodos_lair_caveside_slide, minmay_lair_oklob_bushes,
          infiniplex_staircase_pool
Lair:2:   grunt_megastairs_2
Lair:3:   dummy_snake_entry, basic_altar, lab_entry_generic, enter_volcano_3,
          nicolae_quartered_pool_little, beast_lair_carwin_11
Lab:      labyrinth_spiral, nicolae_lab_arrow

Skill      XL: |  1  2  3  4  5  6  7  8  9 10 11 12 13 |
---------------+----------------------------------------+-----
Earth Magic    | 4 5 6 7 8 9 10 11 12 | 12.4
Spellcasting   | 3 4 6 8 10 11 12 | 12.3
Shields        | 1 2 3 4 5 |  5.2
Conjurations   | 1 4 5 8 |  8.2
Air Magic      | 2 4 |  4.1
Dodging        | 4 |  4.6
Fighting       | 1 |  1.1
Stealth        | |  2.6
Transmutations | |  1.0

Action                   |  1- 3 |  4- 6 |  7- 9 | 10-12 | 13-15 || total
-------------------------+-------+-------+-------+-------+-------++-------
Melee: Whip              |       |       |       |    11 |       ||    11
       Constrict         |       |       |       |     5 |       ||     5
       Tentacles         |       |       |       |     4 |       ||     4
       Dagger            |       |       |       |     5 |       ||     5
Throw: Tomahawk          |       |       |       |     4 |       ||     4
 Cast: Sandblast         |    44 |    85 |   142 |   141 |       ||   412
       Stone Arrow       |       |       |     4 |   234 |    13 ||   251
       Lee's Rapid Decon |       |       |       |    56 |       ||    56
       Petrify           |       |       |       |     2 |       ||     2
       Airstrike         |       |       |       |     3 |       ||     3
       Iron Shot         |       |       |       |    12 |     2 ||    14
Evoke: Wand              |       |       |     4 |     5 |     2 ||    11
  Use: Potion            |       |     1 |     1 |     1 |     1 ||     4
       Scroll            |       |    10 |     3 |    14 |       ||    27
  Eat: Chunk             |     1 |     5 |     4 |    28 |       ||    38
       Meat ration       |       |       |     1 |       |       ||     1
       Fruit             |       |       |       |    11 |       ||    11
       Bread ration      |       |       |       |     1 |       ||     1
Armor: Skin              |     3 |       |       |     5 |       ||     8
Dodge: Dodged            |     5 |    16 |    12 |    64 |     4 ||   101
Block: Buckler           |       |     8 |    23 |    63 |     2 ||    96
